 Dungeon Crawl Stone Soup version 0.27-a0-553-ge0ab5a2769 (webtiles) character file.

Game seed: 15373870737235700111

49 Chiseanne the Magician (level 3, -2/24 HPs)
             Began as a Demonspawn Hedge Wizard on Mar 8, 2021.
             Killed from afar by Sigmund (12 damage)
             ... with a magic dart
             ... on level 2 of the Dungeon.
             The game lasted 00:02:46 (1616 turns).

Chiseanne the Magician (Demonspawn Hedge Wizard)    Turns: 1616, Time: 00:02:47

Health: -2/24      AC:  5    Str: 10    XL:     3   Next: 53%
Magic:  8/8        EV: 12    Int: 16    God:
Gold:   25         SH:  0    Dex: 12    Spells: 3/9 levels left

rFire    . . .     SeeInvis .   a - +0 short sword
rCold    . . .     Faith    .   (no shield)
rNeg     . . .     Spirit   .   b - +0 robe
rPois    .         Reflect  .   p - +1 helmet
rElec    .         Harm     .   (no cloak)
rCorr    .         Rampage  .   (no gloves)
Will     .....                  m - +0 pair of boots
Stlth    ++........             (no amulet)
HPRegen  0.08/turn              (no ring)
MPRegen  0.11/turn              (no ring)

@: no status effects
A: spiny 1
a: no special abilities


You were on level 2 of the Dungeon.
You visited 1 branch of the dungeon, and saw 2 of its levels.

You collected 25 gold pieces.

Inventory:

Hand Weapons
 a - a +0 short sword (weapon)
Missiles
 f - 41 stones
 i - 20 bolts
 k - 15 atropa-tipped darts
Armour
 b - a +0 robe (worn)
 m - a +0 pair of boots (worn)
 p - a +1 helmet (worn)
Jewellery
 l - a +6 ring of strength
Scrolls
 d - 3 scrolls of identify {unknown}
 e - 2 scrolls of fog {unknown}
 g - a scroll of teleportation {unknown}
 h - a scroll of random uselessness {unknown}
Potions
 c - a potion of degeneration {unknown}
 j - a potion of curing
 n - a potion of resistance {unknown}
 o - a potion of brilliance {unknown}


   Skills:
 - Level 1.7 Dodging
 - Level 1.7 Stealth
 - Level 3.6 Spellcasting
 - Level 2.3 Conjurations
 - Level 1.0 Summonings
 - Level 0.8 Translocations
 * Level 0.5 Air Magic
 * Level 0.6 Poison Magic


You had 3 spell levels left.
You knew the following spells:

 Your Spells              Type           Power      Damage    Failure   Level
a - Magic Dart            Conj           40%        1d5       7%          1
b - Blink                 Tloc           N/A        N/A       19%         2
d - Mephitic Cloud        Conj/Pois/Air  6%         N/A       32%         3

Your spell library contained the following spells:

 Spells                   Type           Power      Damage    Failure   Level
 Call Imp                 Summ           6%         N/A       19%         2
 Slow                     Hex            2%         N/A       26%         2
 Conjure Flame            Conj/Fire      6%         6-21      32%         3


Dungeon Overview and Level Annotations

Branches:
Dungeon (2/15)

Altars:

Annotations:
D:2 Sigmund


Innate Abilities, Weirdness & Mutations

You are partially covered in sharp spines.


Message History

Casting: Magic Dart (safe; 7% risk of failure)
Confirm with . or Enter, or press ? or * to list all spells.
Aiming: Magic Dart (safe; 7% risk of failure)
Press: ? - help, Shift-Dir - straight line, f/p - Sigmund
Aim: Sigmund, wielding a +0 scythe and wearing a +0 robe (lightly wounded, 0% to evade)
The magic dart hits Sigmund.
Sigmund is moderately wounded.
Sigmund points at you and mumbles some strange words.
You are confused.
You're too confused to cast spells.
You're too confused to cast spells.
It was a potion of curing.
You feel better. Sigmund casts a spell at you.
You are confused.
You bump into the rock wall.
Sigmund casts a spell at you. The magic dart hits you.
Sigmund points at you and mumbles some strange words.
The puff of flame misses you. Sigmund gestures at you while chanting.
The puff of flame misses you.
You're too confused to cast spells.
Unknown command.
Sigmund flickers, as though insubstantial.
Sigmund gestures at you while chanting. The puff of flame hits you!
You feel less confused. Sigmund gestures at you while chanting.
You are confused.
You see here a bat corpse.
You bump into the rock wall.
You bump into the rock wall.
You're too confused to move!
You feel less confused.
You see here a frilled lizard corpse.
Sigmund flickers, as though insubstantial.
Sigmund gestures at you while chanting. The magic dart hits you!
Ouch! That really hurt!
You die...

#.###########.. #.# . #.#####
#.# #..<.# #.# ..# #.###.#
#@# #..# #.########.# ...
#.......##.# .># #.#####.##.#
###..# # #.#
#.##@#######....#
#...###.#####.##.........####
.................#.##.##....#
....##........##.#.##.###.g.#
.. #..####..#..#.##.# ...#
#..# #...#รท#.##.# ##... #..#
#..##...##.. .....
.........##.#.#### ...#
##.####..##..#..# #####...#


You could see Sigmund.

Vanquished Creatures
  2 adders (D:2)
  A dart slug (D:1)
  6 goblins
  3 hobgoblins
  4 bats
  3 frilled lizards
  7 kobolds
  4 rats
30 creatures vanquished.

Notes
Turn   | Place    | Note
-------+----------+-------------------------------------------
     0 | D:1      | Chiseanne the Demonspawn Hedge Wizard began the quest for
                  | the Orb.
     0 | D:1      | Reached XP level 1. HP: 13/13 MP: 4/4
   399 | D:1      | Gained mutation: You are partially covered in sharp spines.
                  | [demonic ancestry]
   399 | D:1      | Reached XP level 2. HP: 19/19 MP: 0/6
  1273 | D:2      | Noticed Sigmund
  1294 | D:1      | Learned a level 2 spell: Blink
  1322 | D:2      | Reached XP level 3. HP: 21/24 MP: 2/8
  1424 | D:2      | Learned a level 3 spell: Mephitic Cloud
  1616 | D:2      | Killed from afar by Sigmund

Illustrated notes

Levels and vault maps discovered:
D:1:      mrwooster_arrival_statue_3, layout_basic
D:2:      layout_loops_ring, uniq_sigmund

Skill      XL: |  1  2 |
---------------+-------+-----
Conjurations   | 2 |  2.3
Dodging        | |  1.7
Stealth        | |  1.7
Spellcasting   | |  3.6
Summonings     | |  1.0
Translocations | |  0.8
Air Magic      | |  0.5
Poison Magic   | |  0.6

Action                   || total
-------------------------++-------
Melee: Short sword       ||     2
 Cast: Magic Dart        ||    65
  Use: Potion            ||     1
 Stab: Sleeping          ||     1
Armor: Robe              ||     1
Dodge: Dodged            ||     8

Table legend: (Time is in decaauts)
 A = Elapsed time spent in this place.
 B = Non-inter-level travel time spent in this place.
 C = Inter-level travel time spent in this place.
 D = Time resting spent in this place.
 E = Time spent auto-exploring this place.
 F = Levels seen in this place.
 G = Mean time per level.
                   A        B        C        D        E       F      G
               +--------+--------+--------+--------+--------+-----+--------+
         Total |   1616 |   1564 |     52 |    517 |    784 |   2 |  808.0 |
       Dungeon |   1616 |   1564 |     52 |    517 |    784 |   2 |  808.0 |
               +--------+--------+--------+--------+--------+-----+--------+

Top non-repeatable levels by time:
     D:1: 1262 daAuts
     D:2: 354 daAuts
